3L
DETROIT RENAISSANCE @ ECHO PARK LAKERS
08/25/2031
 
TOP OF THE 1ST
Detroit Renaissance batting - Pitching for Echo Park Lakers : RHP Mark Collingwood
Pitching: RHP Mark Collingwood
Batting: RHB Pablo Marrero 0-0: Foul Ball, location: 2F
0-1: Ball
1-1: Ground out 6-3 (Groundball, 6M)
Batting: SHB Shiki Sanu 0-0: Ball
1-0: Called Strike
1-1: Foul Ball, location: 2F
1-2: Fly out, F5 (Popup, 5SF)
Batting: LHB Javier Sánchez 0-0: Ball
1-0: Foul Ball, location: 2F
1-1: Ball
2-1: Ball
3-1: Base on Balls
Batting: LHB Todd Henry 0-0: Ball
1-0: Ball
2-0: Fly out, F8 (Flyball, 8LM)
Top of the 1st over - 0 runs, 0 hits, 0 errors, 1 left on base; Detroit 0 - Echo Park 0
BOTTOM OF THE 1ST
Echo Park Lakers batting - Pitching for Detroit Renaissance : RHP Maru Pao Pao
Pitching: RHP Maru Pao Pao
Batting: RHB Guillermo Coss 0-0: Ball
1-0: Ball
2-0: Called Strike
2-1: Fly out, F6 (Line Drive, 6)
Batting: RHB Jesús Villalba 0-0: Called Strike
0-1: Ball
1-1: Ball
2-1: Ball
3-1: Called Strike
3-2: Base on Balls
Batting: RHB Kumanosuke Abe 0-0: Ball
Jesús Villalba is caught stealing 2nd base
1-0: Foul Ball, location: 2F
1-1: Foul Ball, location: 2F
1-2: Foul Ball, location: 2F
1-2: Ball
2-2: Foul Ball, location: 2F
2-2: Foul Ball, location: 2F
2-2: Foul Ball, location: 2F
2-2: Foul Ball, location: 2F
2-2: SINGLE (Line Drive, 56D)
Batting: RHB Yoshihito Samurakami 0-0: Fielders Choice at 2nd, 6-4 (Groundball, 6)
Bottom of the 1st over - 0 runs, 1 hit, 0 errors, 1 left on base; Detroit 0 - Echo Park 0
TOP OF THE 2ND
Detroit Renaissance batting - Pitching for Echo Park Lakers : RHP Mark Collingwood
Batting: RHB Quincy van Enk 0-0: Ball
1-0: Called Strike
1-1: Ground out 6-3 (Groundball, 6)
Batting: LHB Josh Platt 0-0: Called Strike
0-1: SINGLE (Line Drive, 78S)
Batting: LHB Elian Gonzalez 0-0: Swinging Strike
0-1: Foul Ball, location: 2F
0-2: Ball
1-2: Foul Ball, location: 2F
1-2: Ball
2-2: Strikes out swinging
Batting: RHB Sixto Estrada 0-0: Ball
1-0: Called Strike
1-1: Fielders Choice at 2nd, 6-4 (Groundball, 6)
Top of the 2nd over - 0 runs, 1 hit, 0 errors, 1 left on base; Detroit 0 - Echo Park 0
BOTTOM OF THE 2ND
Echo Park Lakers batting - Pitching for Detroit Renaissance : RHP Maru Pao Pao
Batting: LHB Stefan Vanderhoof 0-0: Foul Ball, location: 2F
0-1: Ball
1-1: Ball
2-1: Ground out U3 (Groundball, 3)
Batting: RHB Chris Harrell 0-0: Ball
1-0: Ball
2-0: Ball
3-0: Called Strike
3-1: Called Strike
3-2: Foul Ball, location: 2F
3-2: Foul Ball, location: 2F
3-2: Strikes out swinging
Batting: RHB Freddy Torres 0-0: Ball
1-0: SINGLE (Line Drive, 7LM)
Batting: RHB Ismael Sandoval 0-0: Called Strike
0-1: Ball
1-1: Swinging Strike
1-2: Ball
Freddy Torres steals 2nd base
2-2: Foul Ball, location: 2F
2-2: Foul Ball, location: 2F
2-2: Strikes out looking
Bottom of the 2nd over - 0 runs, 1 hit, 0 errors, 1 left on base; Detroit 0 - Echo Park 0
TOP OF THE 3RD
Detroit Renaissance batting - Pitching for Echo Park Lakers : RHP Mark Collingwood
Batting: LHB Alexis Raimbault 0-0: Fly out, F9 (Flyball, 9S)
Batting: RHB Pablo Marrero 0-0: Ball
1-0: Called Strike
1-1: Swinging Strike
1-2: Ball
2-2: Fly out, F7 (Flyball, 7)
Batting: SHB Shiki Sanu 0-0: Called Strike
0-1: Ball
1-1: Fly out, F5 (Popup, 25)
Top of the 3rd over - 0 runs, 0 hits, 0 errors, 0 left on base; Detroit 0 - Echo Park 0
BOTTOM OF THE 3RD
Echo Park Lakers batting - Pitching for Detroit Renaissance : RHP Maru Pao Pao
Batting: RHB Habbo Allaart 0-0: Foul Ball, location: 2F
0-1: Ball
1-1: Ball
2-1: Ball
3-1: Called Strike
3-2: Strikes out swinging
Batting: RHB Guillermo Coss 0-0: Ball
1-0: Ball
2-0: Ball
3-0: Called Strike
3-1: Called Strike
3-2: Strikes out swinging
Batting: RHB Jesús Villalba 0-0: Called Strike
0-1: Called Strike
0-2: Ground out 6-3 (Groundball, 6)
Bottom of the 3rd over - 0 runs, 0 hits, 0 errors, 0 left on base; Detroit 0 - Echo Park 0
TOP OF THE 4TH
Detroit Renaissance batting - Pitching for Echo Park Lakers : RHP Mark Collingwood
Batting: LHB Javier Sánchez 0-0: Ball
1-0: Foul Ball, location: 2F
1-1: Foul Ball, location: 2F
1-2: Foul Ball, location: 2F
1-2: DOUBLE (Flyball, 89XD)
Batting: LHB Todd Henry 0-0: Ball
1-0: Ball
2-0: Ball
3-0: Called Strike
3-1: Ground out 1-3 (Groundball, 13S)
Javier Sánchez to third
Batting: RHB Quincy van Enk 0-0: Swinging Strike
0-1: Swinging Strike
0-2: Ball
1-2: Strikes out looking
Batting: LHB Josh Platt 0-0: Ball
1-0: Called Strike
1-1: Ball
2-1: Called Strike
2-2: Ball
3-2: Ground out 3-1 (Groundball, 34S)
Top of the 4th over - 0 runs, 1 hit, 0 errors, 1 left on base; Detroit 0 - Echo Park 0
BOTTOM OF THE 4TH
Echo Park Lakers batting - Pitching for Detroit Renaissance : RHP Maru Pao Pao
Batting: RHB Kumanosuke Abe 0-0: Ball
1-0: Ball
2-0: Swinging Strike
2-1: SINGLE (Groundball, 56D)
Batting: RHB Yoshihito Samurakami 0-0: Ball
1-0: Ball
Passed Ball!
Kumanosuke Abe to second
2-0: Called Strike
2-1: Called Strike
2-2: Foul Ball, location: 2F
2-2: Ball
3-2: Fly out, F7 (Flyball, 7S)
Now in LF: Jesús Román
Batting: LHB Stefan Vanderhoof 0-0: Ball
1-0: Swinging Strike
1-1: Called Strike
1-2: Ball
2-2: SINGLE (Groundball, 6D)
Kumanosuke Abe to third
Batting: RHB Chris Harrell 0-0: Fielders Choice at 2nd, 6-4 (Groundball, 56D)
Kumanosuke Abe scores
Batting: RHB Freddy Torres 0-0: Called Strike
0-1: Ground out 5-3 (Groundball, 2L)
Bottom of the 4th over - 1 run, 2 hits, 0 errors, 1 left on base; Detroit 0 - Echo Park 1
TOP OF THE 5TH
Detroit Renaissance batting - Pitching for Echo Park Lakers : RHP Mark Collingwood
Batting: LHB Elian Gonzalez 0-0: Ball
1-0: Called Strike
1-1: Ball
2-1: Foul Ball, location: 2F
2-2: Fly out, F8 (Flyball, 8LM)
Batting: RHB Sixto Estrada 0-0: Called Strike
0-1: Foul Ball, location: 2F
0-2: Ball
1-2: Strikes out looking
Batting: SHB Jesús Román 0-0: Called Strike
0-1: Ball
1-1: Called Strike
1-2: Foul Ball, location: 2F
1-2: Strikes out swinging
Top of the 5th over - 0 runs, 0 hits, 0 errors, 0 left on base; Detroit 0 - Echo Park 1
BOTTOM OF THE 5TH
Echo Park Lakers batting - Pitching for Detroit Renaissance : RHP Maru Pao Pao
Batting: RHB Ismael Sandoval 0-0: Bunted foul
0-1: Ball
1-1: Ball
2-1: Ball
3-1: Foul Ball, location: 2F
3-2: Fly out, F3 (Popup, 34S)
Batting: RHB Habbo Allaart 0-0: Ground out 4-3 (Groundball, 4M)
Batting: RHB Guillermo Coss 0-0: Ball
1-0: Ball
2-0: Fly out, F4 (Line Drive, 4)
Bottom of the 5th over - 0 runs, 0 hits, 0 errors, 0 left on base; Detroit 0 - Echo Park 1
TOP OF THE 6TH
Detroit Renaissance batting - Pitching for Echo Park Lakers : RHP Mark Collingwood
Batting: RHB Pablo Marrero 0-0: Swinging Strike
0-1: Ground out 6-3 (Groundball, 6)
Batting: SHB Shiki Sanu 0-0: SOLO HOME RUN (Flyball, 9LD), Distance : 385 ft
Batting: LHB Javier Sánchez 0-0: DOUBLE (Line Drive, 89XD)
Batting: LHB Todd Henry 0-0: Intentional Walk
Pinch Runner at 2nd David Martínez:
Batting: RHB Quincy van Enk 0-0: Ball
David Martínez steals 3rd base
1-0: Ball
2-0: Grounds into double play, 6-4-3 (Groundball, 6M)
Top of the 6th over - 1 run, 2 hits, 0 errors, 1 left on base; Detroit 1 - Echo Park 1
BOTTOM OF THE 6TH
Echo Park Lakers batting - Pitching for Detroit Renaissance : RHP Maru Pao Pao
Now at 1B: Bartolo Benítez
Batting: RHB Jesús Villalba 0-0: Called Strike
0-1: Called Strike
0-2: Ground out 5-3 (Groundball, 56)
Batting: RHB Kumanosuke Abe 0-0: Called Strike
0-1: Ball
1-1: Ball
2-1: Foul Ball, location: 2F
2-2: Strikes out looking
Batting: RHB Yoshihito Samurakami 0-0: Called Strike
0-1: Ball
1-1: Reached on error, E5 (Groundball, 5)
Pitching: RHP Brantford Winstworth III
Batting: LHB Stefan Vanderhoof 0-0: Swinging Strike
0-1: Foul Ball, location: 2F
0-2: Ball
1-2: Ball
2-2: Strikes out looking
Bottom of the 6th over - 0 runs, 0 hits, 1 error, 1 left on base; Detroit 1 - Echo Park 1
TOP OF THE 7TH
Detroit Renaissance batting - Pitching for Echo Park Lakers : RHP Mark Collingwood
Batting: LHB Josh Platt 0-0: Ball
1-0: Ball
2-0: Foul Ball, location: 2F
2-1: Called Strike
2-2: Ball
3-2: Ground out 1-3 (Groundball, 13)
Batting: LHB Elian Gonzalez 0-0: Called Strike
0-1: Ball
1-1: Ground out 1-3 (Groundball, 15S)
Batting: RHB Sixto Estrada 0-0: Called Strike
0-1: Called Strike
0-2: Strikes out swinging
Top of the 7th over - 0 runs, 0 hits, 0 errors, 0 left on base; Detroit 1 - Echo Park 1
BOTTOM OF THE 7TH
Echo Park Lakers batting - Pitching for Detroit Renaissance : RHP Brantford Winstworth III
Batting: RHB Chris Harrell 0-0: Foul Ball, location: 2F
0-1: Foul Ball, location: 2F
0-2: Ball
1-2: Foul Ball, location: 2F
1-2: Foul Ball, location: 2F
1-2: Ball
2-2: Ball
3-2: Strikes out swinging
Batting: RHB Freddy Torres 0-0: Ball
1-0: Called Strike
1-1: Ball
2-1: Foul Ball, location: 2F
2-2: Fly out, F6 (Line Drive, 6)
Batting: RHB Ismael Sandoval 0-0: Ball
1-0: Called Strike
1-1: Called Strike
1-2: SINGLE (Groundball, 56D)
Batting: RHB Habbo Allaart 0-0: Ball
1-0: Called Strike
1-1: Swinging Strike
1-2: Fly out, F8 (Flyball, 8RM)
Bottom of the 7th over - 0 runs, 1 hit, 0 errors, 1 left on base; Detroit 1 - Echo Park 1
TOP OF THE 8TH
Detroit Renaissance batting - Pitching for Echo Park Lakers : RHP Mark Collingwood
Batting: SHB Jesús Román 0-0: Swinging Strike
0-1: Ball
1-1: Swinging Strike
1-2: Foul Ball, location: 2F
1-2: Ball
2-2: Ball
3-2: Foul Ball, location: 2F
3-2: Foul Ball, location: 2F
3-2: Strikes out swinging
Batting: RHB Pablo Marrero 0-0: Ball
1-0: Ball
2-0: Swinging Strike
2-1: Ground out 5-3 (Groundball, 56)
Batting: SHB Shiki Sanu 0-0: Foul Ball, location: 2F
0-1: Called Strike
0-2: Ball
1-2: Fly out, F9 (Line Drive, 9)
Top of the 8th over - 0 runs, 0 hits, 0 errors, 0 left on base; Detroit 1 - Echo Park 1
BOTTOM OF THE 8TH
Echo Park Lakers batting - Pitching for Detroit Renaissance : RHP Brantford Winstworth III
Batting: RHB Guillermo Coss 0-0: Called Strike
0-1: Ball
1-1: Swinging Strike
1-2: Ball
2-2: Ground out 4-3 (Groundball, 4)
Batting: RHB Jesús Villalba 0-0: Foul Ball, location: 2F
0-1: Ball
1-1: Ball
2-1: Fly out, F6 (Popup, 6D)
Batting: RHB Kumanosuke Abe 0-0: Foul Ball, location: 2F
0-1: Ball
1-1: Ground out 6-3 (Groundball, 6)
Bottom of the 8th over - 0 runs, 0 hits, 0 errors, 0 left on base; Detroit 1 - Echo Park 1
TOP OF THE 9TH
Detroit Renaissance batting - Pitching for Echo Park Lakers : RHP Mark Collingwood
Batting: LHB Bartolo Benítez 0-0: Ball
1-0: SINGLE (Groundball, 56D)
Pitching: RHP Júlio Saldańa
Batting: LHB Todd Henry 0-0: Ball
1-0: Called Strike
1-1: Foul Ball, location: 2F
1-2: Strikes out swinging
Batting: RHB Quincy van Enk 0-0: Ball
1-0: Foul Ball, location: 2F
1-1: Foul Ball, location: 2F
1-2: Grounds into double play, 6-4-3 (Groundball, 6)
Top of the 9th over - 0 runs, 1 hit, 0 errors, 0 left on base; Detroit 1 - Echo Park 1
BOTTOM OF THE 9TH
Echo Park Lakers batting - Pitching for Detroit Renaissance : RHP Brantford Winstworth III
Batting: RHB Yoshihito Samurakami 0-0: Ball
1-0: Called Strike
1-1: Ball
2-1: Foul Ball, location: 2F
2-2: Strikes out swinging
Batting: LHB Stefan Vanderhoof 0-0: Called Strike
0-1: Ball
1-1: Foul Ball, location: 2F
1-2: Foul Ball, location: 2F
1-2: Ball
2-2: Ground out 5-3 (Groundball, 25)
Batting: RHB Chris Harrell 0-0: Ball
1-0: Foul Ball, location: 2F
1-1: Foul Ball, location: 2F
1-2: Strikes out swinging
Bottom of the 9th over - 0 runs, 0 hits, 0 errors, 0 left on base; Detroit 1 - Echo Park 1
TOP OF THE 10TH
Detroit Renaissance batting - Pitching for Echo Park Lakers : RHP Júlio Saldańa
Batting: LHB Josh Platt 0-0: Ball
1-0: Ball
2-0: Foul Ball, location: 2F
2-1: Fly out, F8 (Flyball, 8RM)
Batting: LHB Elian Gonzalez 0-0: Called Strike
0-1: Fly out, F8 (Flyball, 78D)
Batting: RHB Sixto Estrada 0-0: Called Strike
0-1: Called Strike
0-2: Ground out 5-3 (Groundball, 56S)
Top of the 10th over - 0 runs, 0 hits, 0 errors, 0 left on base; Detroit 1 - Echo Park 1
BOTTOM OF THE 10TH
Echo Park Lakers batting - Pitching for Detroit Renaissance : RHP Brantford Winstworth III
Pitching: RHP Esteban Ruíz
Batting: RHB Freddy Torres 0-0: Swinging Strike
0-1: Ball
1-1: Called Strike
1-2: Ball
2-2: Foul Ball, location: 2F
2-2: Ground out 4-3 (Groundball, 4S)
Batting: RHB Ismael Sandoval 0-0: Ball
1-0: Swinging Strike
1-1: Foul Ball, location: 2F
1-2: Strikes out looking
Batting: RHB Habbo Allaart 0-0: SINGLE (Groundball, 56) (infield hit)
Batting: RHB Guillermo Coss 0-0: Ball
1-0: Called Strike
1-1: Foul Ball, location: 2F
1-2: Foul Ball, location: 2F
1-2: Foul Ball, location: 2F
1-2: Ball
2-2: Ball
3-2: Base on Balls
Habbo Allaart to second
Batting: RHB Jesús Villalba 0-0: Called Strike
0-1: Ball
1-1: Ball
2-1: Called Strike
2-2: Strikes out looking
Bottom of the 10th over - 0 runs, 1 hit, 0 errors, 2 left on base; Detroit 1 - Echo Park 1
TOP OF THE 11TH
Detroit Renaissance batting - Pitching for Echo Park Lakers : RHP Júlio Saldańa
Pitching: RHP Stef Dijkman
Batting: SHB Jesús Román 0-0: Fly out, F9 (Flyball, 89S)
Batting: RHB Pablo Marrero 0-0: Called Strike
0-1: Swinging Strike
0-2: Ball
1-2: Ball
2-2: Strikes out swinging, 2-3 out at first.
Batting: SHB Shiki Sanu 0-0: Ball
1-0: Called Strike
1-1: Swinging Strike
1-2: Foul Ball, location: 2F
1-2: Foul Ball, location: 2F
1-2: Foul Ball, location: 2F
1-2: Ground out 5-3 (Groundball, 56)
Top of the 11th over - 0 runs, 0 hits, 0 errors, 0 left on base; Detroit 1 - Echo Park 1
BOTTOM OF THE 11TH
Echo Park Lakers batting - Pitching for Detroit Renaissance : RHP Esteban Ruíz
Batting: RHB Kumanosuke Abe 0-0: Ground out 5-3 (Groundball, 5)
Batting: RHB Yoshihito Samurakami 0-0: Ball
1-0: Called Strike
1-1: Fly out, F8 (Flyball, 89XD)
Batting: LHB Stefan Vanderhoof 0-0: Ball
1-0: Foul Ball, location: 2F
1-1: Fly out, F8 (Flyball, 8RD)
Bottom of the 11th over - 0 runs, 0 hits, 0 errors, 0 left on base; Detroit 1 - Echo Park 1
TOP OF THE 12TH
Detroit Renaissance batting - Pitching for Echo Park Lakers : RHP Stef Dijkman
Batting: LHB Bartolo Benítez 0-0: Swinging Strike
0-1: Fly out, F9 (Flyball, 89M)
Batting: LHB Todd Henry 0-0: Ball
1-0: Ball
2-0: Called Strike
2-1: SINGLE (Flyball, 3D)
Batting: RHB Quincy van Enk 0-0: SINGLE (Groundball, 34D)
Todd Henry to second
Runner from 2nd tries for 3rd, SAFE, no throw
Batting: LHB Josh Platt 0-0: Swinging Strike
0-1: Swinging Strike
0-2: Ball
1-2: Strikes out swinging
Batting: LHB Elian Gonzalez 0-0: Ball
1-0: Ball
2-0: Ball
3-0: Base on Balls
Quincy van Enk to second
Batting: RHB Sixto Estrada 0-0: Ball
1-0: Ball
2-0: Called Strike
2-1: Ball
3-1: Hit by Pitch
Todd Henry scores
Quincy van Enk to third
Elian Gonzalez to second
Batting: SHB Jesús Román 0-0: DOUBLE (Line Drive, 9LM)
Quincy van Enk scores
Elian Gonzalez scores
Sixto Estrada to third
Runner from 3rd tries for Home, SAFE, no throw
Pitching: LHP Kaluka Wene
Batting: RHB Pablo Marrero 0-0: Ball
1-0: Ball
2-0: Fly out, F9 (Flyball, 9)
Top of the 12th over - 4 runs, 3 hits, 0 errors, 1 left on base; Detroit 5 - Echo Park 1
BOTTOM OF THE 12TH
Echo Park Lakers batting - Pitching for Detroit Renaissance : RHP Esteban Ruíz
Pitching: RHP Gil Brown
Batting: RHB Chris Harrell 0-0: Called Strike
0-1: Foul Ball, location: 2F
0-2: Strikes out looking
Batting: RHB Freddy Torres 0-0: Ball
1-0: Ground out 1-3 (Groundball, P)
Batting: RHB Ismael Sandoval 0-0: Ball
1-0: Foul Ball, location: 2F
1-1: Foul Ball, location: 2F
1-2: Ball
2-2: Foul Ball, location: 2F
2-2: Ball
3-2: Ground out 1-3 (Groundball, 13S)
Bottom of the 12th over - 0 runs, 0 hits, 0 errors, 0 left on base; Detroit 5 - Echo Park 1
Tuesday, June 12th, 2018 - OOTP Baseball 18.8 Build 76